 Dungeon Crawl Stone Soup version 0.28.0-47-ge53b351184 (webtiles) character file.

Game seed: 5532002081528177741

91 CryoSword the Cutter (level 4, -1/33 HPs)
             Began as a Djinni Air Elementalist on May 8, 2022.
             Slain by a gnoll
             ... wielding a +0 flail
              (13 damage)
             ... on level 2 of the Dungeon.
             The game lasted 00:03:39 (2760 turns).

CryoSword the Cutter (Djinni Air Elementalist)      Turns: 2760, Time: 00:03:39

Health: -1/33      AC:  2    Str:  9    XL:     4   Next: 88%
Gold:   81         EV: 12    Int: 16    God:
                   SH:  0    Dex: 14

rFire   + + .      SeeInvis .   w - +3 short sword (venom)
rCold   x . .      Faith    +   (no shield)
rNeg    . . .      Spirit   .   a - +0 robe
rPois   ∞          Reflect  .   (no helmet)
rElec   .          Harm     .   (no cloak)
rCorr   .          Rampage  .   (no gloves)
Will    .....                   (boots unavailable)
Stlth   ++........              j - amulet of faith {!P}
HPRegen 0.11/turn               e - ring of wizardry
MPRegen 0.00/turn               (no ring)

@: flying
A: sickness immunity, fire resistance 2, cold vulnerability 1, float, innate
caster, HP casting, extra vitality 1
a: no special abilities


You were on level 2 of the Dungeon.
You visited 1 branch of the dungeon, and saw 3 of its levels.

You collected 81 gold pieces.

Inventory:

Hand Weapons
 w - a +3 short sword of venom (weapon)
   (You took it off a kobold on level 1 of the Dungeon)
Missiles
 h - 7 poisoned darts
 m - 6 boomerangs
Armour
 a - a +0 robe (worn)
Jewellery
 e - a ring of wizardry (left hand)
   (You found it on level 1 of the Dungeon)
 j - an amulet of faith (around neck) {!P}
   (You found it on level 1 of the Dungeon)
Wands
 k - a wand of flame (15)
   (You found it on level 2 of the Dungeon)
Scrolls
 b - a scroll of teleportation {unknown}
 c - 2 scrolls of identify {unknown}
 d - 2 scrolls of immolation {unknown}
 f - a scroll of enchant armour {unknown}
 g - a scroll of magic mapping {unknown}
 i - 2 scrolls of noise {unknown}
Potions
 l - a potion of curing {unknown}
 n - 2 potions of attraction {unknown}


   Skills:
 - Level 1.9 Fighting
 + Level 3.0 Short Blades
 - Level 2.1 Dodging
 - Level 1.5 Stealth
 - Level 2.4 Spellcasting


You couldn't memorise any spells.
You knew the following spells:

 Your Spells              Type           Power      Damage    Failure   Level
a - Shock                 Conj/Air       36%        1d5       3%          1
b - Summon Small Mammal   Summ           36%        N/A       3%          1
c - Static Discharge      Conj/Air       9%         N/A       4%          2
d - Airstrike             Air            4%         N/A       28%         4
S - Swiftness             Air            9%         N/A       9%          3
Your spell library was empty.

Dungeon Overview and Level Annotations

Branches:
Dungeon (3/15)

Altars:
Yredelemnul


Innate Abilities, Weirdness & Mutations

You are immune to sickness and miasma.
You are immune to poison.
Your flesh is very heat resistant. (rF++)
You are vulnerable to cold. (rC-)
You float through the air rather than walking.
You learn spells naturally, not from books.
Your magical power is your life essence.
You have superior vitality. (+4 MHP)


Message History

Aim: a gnoll, wielding a +2 spear of pain (almost dead, 72% to hit)
The zap hits the gnoll.
You kill the gnoll!
You hear a splash.
The zap hits the gnoll. x2
Aim: a gnoll, wielding a +0 spear (severely wounded, 72% to hit)
The zap misses the gnoll.
The zap hits the gnoll.
Aim: a gnoll, wielding a +0 spear (severely wounded, 72% to hit)
The zap hits the gnoll.
You kill the gnoll!
You hear a splash.
The zap misses the gnoll.
That beam is likely to hit you.
Continue anyway?
Okay, then.
You start resting.
Aim: a gnoll, wielding a +0 whip (72% to hit)
The zap hits the gnoll.
Aim: a gnoll, wielding a +0 whip (lightly wounded, 72% to hit)
The zap hits the gnoll.
Aim: a gnoll, wielding a +0 whip (moderately wounded, 72% to hit)
The zap hits the gnoll.
Aim: a gnoll, wielding a +0 whip (heavily wounded, 72% to hit)
The zap hits the gnoll.
Aim: a gnoll, wielding a +0 whip (severely wounded, 72% to hit)
The zap misses the gnoll.
Aim: a gnoll, wielding a +0 whip (severely wounded, 72% to hit)
The zap hits the gnoll.
You kill the gnoll!
That beam is likely to hit you.
Continue anyway?
Okay, then.
Items here: )) ††.
You see here a +0 hunting sling.
A ball python comes into view.
You see here a rat skeleton.
A ball python is nearby!
A ball python is nearby!
A ball python is nearby!
A ball python is nearby!
Things that are here:
a +0 whip; a gnoll corpse
Aim: a ball python (wandering, hasn't noticed you, 64% to hit)
You miscast Shock.
You are very lightly contaminated with residual magic.
Nothing appears to happen.
The ball python hisses angrily.
Unknown command.
Aim: a ball python (64% to hit)
The zap hits the ball python.
You kill the ball python!
No target in view!
Your magical contamination has completely faded away.
Found 25 stones.
Things that are here:
a +0 halberd; a gnoll skeleton
m - 6 boomerangs
n - 2 brown potions 4 jackals come into view.
Found a stone staircase leading down.
The jackal barks! x3
There are monsters nearby!
There are monsters nearby!
There are monsters nearby!
Aim: a jackal (60% to hit)
Okay, then.
You barely miss the jackal.
The jackal barks!
The jackal misses you.
Aim: a jackal (60% to hit)
The zap hits the jackal. x3; The jackal barely misses you.
The jackal bites you. x3
Aim: a jackal (severely wounded, 60% to hit)
The zap hits the jackal but does no damage.
The zap hits the jackal.
The zap misses the jackal.
The jackal closely misses you.
Aim: a jackal (heavily wounded, 60% to hit)
The zap hits the jackal.
You kill the jackal!
The zap hits the jackal but does no damage.
The zap misses the jackal.
The jackal barely misses you. The jackal closely misses you.
Your Short Blades skill increases to level 3!
Aim: a jackal (severely wounded, 60% to hit)
The zap hits the jackal.
You kill the jackal!
The zap misses the jackal.
The jackal misses you.
You closely miss the jackal. The jackal barely misses you.
The jackal closely misses you.
You barely miss the jackal. The jackal closely misses you.
The jackal bites you. The jackal completely misses you.
The jackal bites you but does no damage.
You closely miss the jackal. The jackal bites you.
The jackal closely misses you.
You closely miss the jackal. The jackal barely misses you.
The jackal bites you. x2
You hit the jackal.
The jackal is poisoned.
The jackal barely misses you. The jackal completely misses you.
The jackal bites you.
* * * LOW HITPOINT WARNING * * *
Aim: a jackal (severely wounded, 60% to hit)
The zap hits the jackal but does no damage.
* * * LOW HITPOINT WARNING * * *
You kill the jackal!
The jackal bites you.
* * * LOW HITPOINT WARNING * * *
Aim: a jackal (severely wounded, 60% to hit)
The zap hits the jackal.
You kill the jackal!
* * * LOW HITPOINT WARNING * * *
You see here a jackal corpse.
You start resting.
You see here a jackal corpse.
You see here a jackal corpse.
You see here a jackal corpse.
You see here a +0 halberd.
Done exploring.
Done exploring.
Done exploring.
Done exploring.
You see here 26 stones.
There is a stone staircase leading down here.
You fly downwards.
There is a stone staircase leading up here.
Found a long glowing staff.
Found a leather armour.
A rat comes into view.
Found a stone staircase leading up.
The rat misses you.
Aim: a rat (68% to hit)
The zap hits the rat.
You kill the rat!
You see here a staff of earth.
Found a stone staircase leading down.
A gnoll comes into view. It is wielding a +0 flail.
The gnoll shouts!
You hear a shout!
A gnoll is nearby!
A gnoll is nearby!
A gnoll comes into view. It is wielding a +0 spear.
A gnoll comes into view. It is wielding a +0 spear.
The gnoll misses you.
The zap hits the gnoll. x2
The gnoll shouts!
The gnoll hits you with a +0 spear!
The gnoll hits you from afar with a +0 spear.
There is a stone staircase leading up here.
The gnoll hits you with a +0 flail!
* * * LOW HITPOINT WARNING * * *
You fly upwards.
There is a stone staircase leading down here.
Okay, then.
* * * LOW HITPOINT WARNING * * *
The gnoll hits you with a +0 flail!
You die...

#.# #.# ######### #.## #........
#..####......<. ##....##........
#.....##........
#.....##........
###.._..##........
#@g......#########
##################b............#
.....................#........<#
##.################..#.........#
#.................#............#
#†................#.##.........#
#.##############..#.##......†..#
......†.....................####
################..#.#######.#


You could see a gnoll (ally target) and a friendly bat (summoned).

Vanquished Creatures
  4 gnolls (D:2)
  An adder (D:2)
  2 dart slugs (D:1)
  An orc (D:2)
  A bat (D:1)
  4 endoplasms (D:1)
  3 giant cockroaches
  2 goblins
  A hobgoblin (D:2)
  4 jackals (D:2)
  2 kobolds (D:1)
  A quokka (D:2)
  5 ball pythons
  3 frilled lizards
  5 rats
39 creatures vanquished.

Notes
Turn   | Place    | Note
-------+----------+-------------------------------------------
     0 | D:1      | CryoSword the Djinni Air Elementalist began the quest for
                  | the Orb.
     0 | D:1      | Reached XP level 1. HP: 15/15 MP: 0/0
   126 | D:1      | Found a faded altar of an unknown god.
   152 | D:1      | Reached skill level 1 in Fighting
   351 | D:1      | Reached XP level 2. HP: 20/22 MP: 0/0
   935 | D:1      | Reached skill level 1 in Short Blades
   935 | D:1      | Reached XP level 3. HP: 25/28 MP: 0/0
   935 | D:1      | Learned a level 1 spell: Summon Small Mammal
  1704 | D:2      | Found a basalt altar of Yredelemnul.
  1944 | D:2      | Reached skill level 2 in Short Blades
  2107 | D:2      | Reached XP level 4. HP: 28/33 MP: 0/0
  2406 | D:2      | Reached skill level 3 in Short Blades
  2760 | D:2      | Slain by a gnoll

Illustrated notes

Levels and vault maps discovered:
D:1:      amcnicky_arrival_double_pillar, layout_basic,
          chequers_ecumenical_altar_island
D:2:      wander_river, layout_basic, basic_altar
D:3:      layout_basic

Skill      XL: |  1  2  3  4 |
---------------+-------------+-----
Fighting       | 1 |  1.9
Short Blades   | 1 2 3 |  3.0
Dodging        | |  2.1
Stealth        | |  1.5
Spellcasting   | |  2.4

Action                   |  1- 3 |  4- 6 || total
-------------------------+-------+-------++-------
Melee: Short sword       |    12 |     6 ||    18
 Cast: Shock             |    58 |    28 ||    86
       Summon Small Mamm |     2 |     1 ||     3
Armor: Robe              |     3 |     1 ||     4
Dodge: Dodged            |    15 |    16 ||    31
